 Dungeon Crawl Stone Soup version 0.29.0-4-gdea44cf6ec (webtiles) character file.

Game seed: 14890205152959981585

25 qw the Chopper (level 3, 0/21 HPs)
             Began as a Tengu Warper on Aug 28, 2022.
             Succumbed to their own poison gas
             ... on level 1 of the Dungeon.
             The game lasted 00:00:06 (1166 turns).

qw the Chopper (Tengu Warper)                       Turns: 1166, Time: 00:00:07

Health: 0/21       AC:  8    Str: 13    XL:     3   Next: 6%
Magic:  7/7        EV:  6    Int: 13    God:
Gold:   49         SH:  0    Dex: 13    Spells: 6/6 levels left

rFire   . . .      SeeInvis .   Y - +0 hand axe
rCold   . . .      Faith    .   (no shield)
rNeg    . . .      Spirit   .   l - +0 chain mail
rPois   .          Reflect  .   (helmet restricted)
rElec   .          Harm     .   (no cloak)
rCorr   .          Rampage  .   (no gloves)
Will    .....                   (boots unavailable)
Stlth   ..........              (no amulet)
HPRegen 0.07/turn               d - ring of willpower
MPRegen 0.10/turn               (no ring)

@: lethally poisoned (0 -> -4), weak-willed
A: beak, talons 3
a: no special abilities


You were on level 1 of the Dungeon.
You visited 1 branch of the dungeon, and saw 1 of its levels.

You collected 49 gold pieces.


Innate Abilities, Weirdness & Mutations

You have a beak for a mouth.
You have claws for feet.


   Skills:
 - Level 2.0 Fighting
 + Level 3.8 Axes
 - Level 1.0 Throwing
 - Level 1.1 Armour
 - Level 2.1 Dodging
 - Level 2.0 Spellcasting
 - Level 2.4 Translocations


You had 6 spell levels left.
You didn't know any spells.
Your spell library contained the following spells:

 Spells                   Type           Power      Damage    Failure   Level
 Blink                    Tloc           14%        N/A       99%         2
 Gell's Gravitas          Tloc           7%         N/A       100%        3
 Lesser Beckoning         Tloc           7%         N/A       100%        3
 Teleport Other           Tloc           7%         N/A       100%        3
 Manifold Assault         Tloc           7%         N/A       100%        5

Inventory:

Hand Weapons
 j - a +0 whip
 Y - a +0 hand axe (weapon)
Armour
 l - a +0 chain mail (worn)
Jewellery
 d - a ring of willpower (left hand)
Scrolls
 f - 2 scrolls of identify
Potions
 i - a potion of heal wounds

Dungeon Overview and Level Annotations

Branches:
Dungeon (1/15)

Altars:


Message History

Done exploring.
1155 ||| READING 4 scrolls of identify.
As you read the scroll of identify, it crumbles to dust.
h - a potion of lignification
1155 ||| IDENTIFYING sedimented purple potion Done exploring.
1156 ||| READING 3 scrolls of identify.
As you read the scroll of identify, it crumbles to dust.
i - a potion of heal wounds;
1156 ||| IDENTIFYING white potion Done exploring.
1157 ||| DROPPING scroll of blinking.
You drop a scroll of blinking.
Done exploring.
1158 ||| DROPPING potion of lignification.
You drop a potion of lignification.
Done exploring.
(D) Dungeon
Where to? (* - list waypoints, ? - help)
What level of the Dungeon? (default 1, ? - help) Sorry, I don't know how to get there.
Done exploring.
1159 ||| Stepping randomly (stuck).
Really walk into that cloud of poison gas?
You are engulfed in poison gas.
You are poisoned.
You feel very sick.
1160 ||| Stepping ~*~*~tactically~*~*~ (cloud).
You feel very sick.
Things that are here:
a potion of lignification; a scroll of blinking; a +0 leather armour
There is a lethal amount of poison in your body!
You feel sick.
There is a lethal amount of poison in your body!
You feel sick.
There is a lethal amount of poison in your body!
You feel sick.
There is a lethal amount of poison in your body!
You feel sick.
There is a lethal amount of poison in your body!
You feel sick.
There is a lethal amount of poison in your body!
You die...

#.# #.############### #.#
####.# #........ #.# #..).#
#.####### #.# #.#### #.# #
#.# #.# #.# # #######.# #.#
#.# # #.......# #>########
#.# # #.####### #.#0¤¤¤00#
#.# #
##.###########.#@########.#
#
#..............#0#......#.#
#
################¤#.####.#.#
# #.#.# #.#)# #¤#.#
#.#.####### #.#.#
#.#........ #.#.#
#.######### #.#.# #.# #
#.#.# #.# #


There were no monsters in sight!

Vanquished Creatures
  5 ball pythons (D:1)
  4 bats (D:1)
  3 endoplasms (D:1)
  A giant cockroach (D:1)
  2 goblins (D:1)
  2 hobgoblins (D:1)
  A quokka (D:1)
  A frilled lizard (D:1)
  A kobold (D:1)
  4 rats (D:1)
24 creatures vanquished.

Notes
Turn   | Place    | Note
-------+----------+-------------------------------------------
     0 | D:1      | qw the Tengu Warper began the quest for the Orb.
     0 | D:1      | Reached XP level 1. HP: 12/12 MP: 4/4
     0 | D:1      | 0 ||| qw: Version: 0.1-a-89-g26bdef1
     0 | D:1      | 0 ||| qw: Game counter: 1796
     0 | D:1      | 0 ||| qw: Always use a shield: true
     0 | D:1      | 0 ||| qw: God list: Okawaru
     0 | D:1      | 0 ||| qw: Allow faded altars: false
     0 | D:1      | 0 ||| qw: Do Orc after D:15 true
     0 | D:1      | 0 ||| qw: Do second Lair branch before Depths: true
     0 | D:1      | 0 ||| qw: Lair rune preference: random
     0 | D:1      | 0 ||| qw: Plans: Normal
     0 | D:1      | 0 ||| PLANNING D:1-11
    73 | D:1      | 73 ||| Stepping ~*~*~tactically~*~*~ (stealth).
    82 | D:1      | Reached XP level 2. HP: 14/17 MP: 6/6
    83 | D:1      | Reached skill level 3 in Axes
   438 | D:1      | 438 ||| DROPPING +0 club.
   885 | D:1      | Reached XP level 3. HP: 21/21 MP: 7/7
  1138 | D:1      | 1138 ||| UPGRADING to +0 chain mail.
  1148 | D:1      | 1148 ||| DROPPING +0 leather armour.
  1149 | D:1      | 1149 ||| UPGRADING to ring of willpower.
  1150 | D:1      | 1150 ||| READING scroll labelled DISETO QOFI.
  1151 | D:1      | 1151 ||| READING 5 scrolls labelled JAOLIGANAD.
  1152 | D:1      | 1152 ||| READING scroll labelled OQORIN FUBUMO.
  1153 | D:1      | 1153 ||| READING scroll labelled QOCHEUR NIKEG.
  1154 | D:1      | 1154 ||| READING scroll labelled QEOTEF EPUWKEF.
  1155 | D:1      | 1155 ||| READING 4 scrolls of identify.
  1155 | D:1      | 1155 ||| IDENTIFYING sedimented purple potion
  1156 | D:1      | 1156 ||| READING 3 scrolls of identify.
  1156 | D:1      | 1156 ||| IDENTIFYING white potion
  1157 | D:1      | 1157 ||| DROPPING scroll of blinking.
  1158 | D:1      | 1158 ||| DROPPING potion of lignification.
  1159 | D:1      | 1159 ||| Stepping randomly (stuck).
  1160 | D:1      | 1160 ||| Stepping ~*~*~tactically~*~*~ (cloud).
  1162 | D:1      | HP: 5/21 [poisoned by you (poison gas)]
  1164 | D:1      | HP: 2/21 [poisoned by you (poison gas)]
  1166 | D:1      | Succumbed to their own poison gas

Levels and vault maps discovered:
D:1:      dpeg_arrival_shelter, layout_basic

Skill      XL: |  1  2 |
---------------+-------+-----
Axes           | 3 |  3.8
Fighting       | |  2.0
Throwing       | |  1.0
Armour         | |  1.1
Dodging        | |  2.1
Spellcasting   | |  2.0
Translocations | |  2.4

Action                   || total
-------------------------++-------
Melee: Hand axe          ||    41
       Kick              ||    12
       Peck              ||     3
Throw: Boomerang         ||     7
  Use: Scroll            ||     7
Armor: Leather armour    ||    11
Dodge: Dodged            ||    22

Table legend:
 A = Non-vault XP
 B = Vault XP
 C = Vault XP percentage of total XP
 D = Non-vault monster count
 E = Vault monster count
 F = Vault count percentage of total count
                 A         B        C        D         E       F
            +---------+---------+-------+---------+---------+-------
      Total |      37 |       0 |   0.0 |      24 |       0 |   0.0
            +---------+---------+-------+---------+---------+-------
        D:1 |      37 |       0 |   0.0 |      24 |       0 |   0.0
            +---------+---------+-------+---------+---------+-------
